 Dungeon Crawl Stone Soup version 0.14.1-1-g650416f (webtiles) character file.

291 Heini the Covered (level 5, -6/47 HPs)
             Began as a Hill Orc Fighter on May 1, 2014.
             Mangled by an ogre skeleton (9 damage)
             ... on Level 4 of the Dungeon.
             The game lasted 00:06:57 (2209 turns).

Heini the Covered (Hill Orc Fighter)                Turns: 2209, Time: 00:06:57

HP  -6/47        AC  7     Str 20      XL: 5   Next: 40%
MP   5/5         EV  6     Int  8      God:
Gold 132         SH 18     Dex 10      Spells:  0 memorised,  4 levels left

rFire  . . .     SeeInvis .     a - +1,+0 war axe
rCold  . . .     Clarity  .     b - +0 scale mail
rNeg   . . .     Conserve .     c - +0 shield
rPois  .         rCorr    .     (no helmet)
rElec  .         rRot     .     (no cloak)
SustAb . .       Spirit   .     (no gloves)
rMut   .         Warding  .     (no boots)
Saprov + . .     Stasis   .     (no amulet)
MR     .....                    (no ring)
                                v - ring of sustenance

@: lethally poisoned, not resistant to hostile enchantments, extremely
unstealthy
A: saprovore 1
a: no special abilities


You were on level 4 of the Dungeon.
You were not hungry.

You visited 1 branch of the dungeon, and saw 4 of its levels.

You collected 132 gold pieces.

Inventory:

Hand weapons
 a - a +1,+0 war axe (weapon)
Armour
 b - a +0 scale mail (worn)
 c - a +0 shield (worn)
Magical devices
 t - a wand of hasting (9) {unknown}
Comestibles
 d - 2 meat rations
 f - 6 apples
 g - a chunk of worker ant flesh
 n - 10 strawberries
 p - a pear
 q - a bread ration
 x - 2 oranges
 z - 2 apricots
Scrolls
 l - a scroll of fog
 s - a scroll of remove curse
Jewellery
 m - an uncursed ring of teleport control
 v - a ring of sustenance (left hand)
Potions
 e - a potion of might
 h - a potion of lignification {unknown}
 i - a potion of heal wounds {unknown}
 j - 3 potions of curing
 u - a potion of degeneration {unknown}
 A - 2 potions of haste


   Skills:
 * Level 4.8 Fighting
 * Level 4.6 Axes
 * Level 4.8 Armour
 - Level 3.2 Shields


You had 4 spell levels left.
You didn't know any spells.

Dungeon Overview and Level Annotations

Branches:
Dungeon (4/15)
 Temple: D:4-7

Altars:
Fedhas
Kikubaaqudgha
Xom

Annotations:
D:2 Sigmund


Innate Abilities, Weirdness & Mutations

You can tolerate rotten meat.


Message History

You feel sick.
You continue butchering the corpse.
You finish butchering the worker ant corpse.
You see here a chunk of worker ant flesh.
g - a chunk of worker ant flesh You feel sick.
The ogre skeleton closely misses you.
You hit the ogre skeleton.
You feel sick. The ogre skeleton hits you.
* * * LOW HITPOINT WARNING * * *
You are too injured to fight recklessly!
You are too injured to fight recklessly!
You are too injured to fight recklessly!
You are too injured to fight recklessly!
You are too injured to fight recklessly!
You are too injured to fight recklessly!
You hit the ogre skeleton. The ogre skeleton hits you!
* * * LOW HITPOINT WARNING * * *
You hit the ogre skeleton. You block the ogre skeleton's attack.
You slash the ogre skeleton!
You feel sick. The ogre skeleton hits you!
You die...

................# ###...
...............########.....
...................#.......)
............................
...........................
..........................
.........................
................#........ ...
........@.......#........
...........!...Z....#######.....
....................## #.....
.................#### ##....
.................. ##....
.................# #.....
....§§..........## #.....
....§§§§....#..# #.....
#§§§§§..# #.....


You could see an ogre skeleton.

Vanquished Creatures
  A worker ant (D:4)
  Ijyb (D:3)
  6 adders
  2 oozes
  An orc (D:3)
  9 bats
  A giant cockroach (D:2)
  7 goblins
  3 hobgoblins
  3 giant newts
  2 goblin skeletons (D:4)
  10 jackals
  9 kobolds
  8 rats
63 creatures vanquished.

Notes
Turn   | Place    | Note
--------------------------------------------------------------
     0 | D:1      | Heini, the Hill Orc Fighter, began the quest for the Orb.
     0 | D:1      | Reached XP level 1. HP: 19/19 MP: 1/1
    90 | D:1      | Reached XP level 2. HP: 22/27 MP: 2/2
    99 | D:1      | Reached skill level 4 in Fighting
   625 | D:2      | Noticed Sigmund
   691 | D:2      | Reached XP level 3. HP: 23/34 MP: 3/3
  1348 | D:3      | Reached XP level 4. HP: 31/41 MP: 4/4
  1558 | D:3      | Noticed Ijyb
  1577 | D:3      | Killed Ijyb
  1793 | D:3      | Found a blossoming altar of Fedhas.
  1871 | D:3      | Reached XP level 5. HP: 37/47 MP: 5/5
  2014 | D:4      | Found an ancient bone altar of Kikubaaqudgha.
  2015 | D:4      | Found a shimmering altar of Xom.
  2209 | D:4      | Mangled by an ogre skeleton

Action                   |  1- 3 |  4- 6 || total
-------------------------+-------+-------++-------
Melee: War axe           |   116 |   102 ||   218
  Use: Scroll            |     3 |    10 ||    13
